 Dungeon Crawl Stone Soup version 0.18-a0 (webtiles) character file.

2671 Jergosh the Covered (level 9, -11/69 (70) HPs)
             Began as a Ghoul Fighter on Oct 30, 2015.
             Was a Priest of Makhleb.
             Killed from afar by a steam dragon (19 damage)
             ... with a ball of steam
             ... on level 7 of the Dungeon.
             The game lasted 00:21:29 (7891 turns).

Jergosh the Covered (Ghoul Fighter)                 Turns: 7891, Time: 00:21:29

HP:   -11/69 (70)   AC: 17    Str: 20    XL:     9   Next: 63%
MP:   11/11         EV:  9    Int:  5    God:    Makhleb [***...]
Gold: 357           SH:  5    Dex:  9    Spells: 0 memorised, 8 levels left

rFire  . . .     SeeInvis .     b - +1 rapier
rCold  + . .     Clarity  .     r - +0 chain mail
rNeg   + + +     SustAt   .     l - +0 buckler
rPois  ∞         Gourm    .     B - +1 helmet
rElec  .         Spirit   .     e - +0 cloak
rCorr  .         Warding  +     (no gloves)
rMut   .         Stasis   .     h - +2 pair of boots {run}
MR     .....                    j - amulet of warding
Stlth  ..........               (no ring)
                                (no ring)

@: rotting, quick, not resistant to hostile enchantments, extremely unstealthy
A: rotting body, claws 1, carnivore 3, cold resistance 1, negative energy
resistance 3, slow regeneration 1, torment resistance, unbreathing
a: Minor Destruction, Lesser Servant of Makhleb, Renounce Religion


You were on level 7 of the Dungeon.
You worshipped Makhleb.
Makhleb was most pleased with you.
You were not hungry.

You visited 1 branch of the dungeon, and saw 7 of its levels.
You also visited: Sewer and Ossuary.

You collected 357 gold pieces.

Inventory:

Hand Weapons
 a - a +0 dagger of chaos
 b - a +1 rapier (weapon)
Armour
 c - a +0 shield
 d - a +0 helmet
 e - a +0 cloak (worn)
 h - a +2 pair of boots of running (worn)
 l - a +0 buckler (worn)
 r - a +0 chain mail (worn)
 B - a +1 helmet (worn)
 E - a +1 ring mail of poison resistance
Jewellery
 j - an amulet of warding (around neck)
Wands
 s - a wand of magic darts (34)
Scrolls
 m - 5 scrolls of teleportation
 o - a scroll of blinking
 t - a scroll of vulnerability
 v - a scroll of recharging
 w - a scroll of identify
 y - a scroll of fear
 D - a scroll of remove curse
Potions
 f - 3 potions of curing
 k - 2 potions of lignification
 n - 5 potions of flight
 p - a potion of heal wounds
 u - a potion of poison {unknown}
 z - a potion of berserk rage {unknown}
 A - a potion of haste {unknown}
Comestibles
 g - 3 beef jerkies
 i - 2 royal jellies
 x - a meat ration


   Skills:
 - Level 3.2 Fighting
 + Level 4.8 Short Blades
 * Level 6.9 Armour
 + Level 4.6 Dodging
 * Level 6.7 Shields
 + Level 4.3 Invocations


You had 8 spell levels left.
You didn't know any spells.

Dungeon Overview and Level Annotations

Branches:
Dungeon (7/15)             Temple (0/1) D:5

Altars:
Ashenzari
Kikubaaqudgha
Makhleb
Nemelex Xobeh
Okawaru
Sif Muna
Xom


Innate Abilities, Weirdness & Mutations

Your body is rotting away.
You thrive on raw meat.
You are immune to poison.
You have sharp fingernails.
You are carnivorous and can eat meat at any time.
Your flesh is cold resistant.
You are immune to negative energy.
You regenerate slowly when monsters are visible.
You are immune to unholy pain and torment.
You can survive without breathing.


Message History

You are engulfed in a cloud of scalding steam.
* * * LOW HITPOINT WARNING * * *
The steam dragon bites you but does no damage.
The steam dragon claws you but does no damage.
You hit the steam dragon but do no damage.
The steam dragon is moderately wounded.
You are engulfed in a cloud of scalding steam.
The steam dragon bites you.
* * * LOW HITPOINT WARNING * * *
The steam dragon barely misses you. You block the steam dragon's attack.
The steam dragon closely misses you.
You hit the steam dragon but do no damage.
The steam dragon is moderately wounded.
You block the steam dragon's attack.
The steam dragon claws you but does no damage.
You hit the steam dragon.
The steam dragon is moderately wounded.
The steam dragon breathes steam at you. The ball of steam hits you!
You die...

.....................#
######.##...#####..##
#....###### ##.# #÷#######
####.## ####........
#.....#
#...........####.....#
#####.##...........$.....#
...........#+#...........#
####.####..+
+.#@............
##.....##.##
#..D########.....
#.......#.# #...# ?....
#.......#.# ...[.# .....
...._.....####.... #..##
#.......#.# #.#.. >#
#.......#.# #.#.. #
##.....##)## #.###########
.# ###.####..#
#....<......##.#####


You could see a steam dragon.

Vanquished Creatures
  The ghost of Frontstab the Covert, a novice OpBe of Trog (D:7)
  Menkaure (D:5)
  An ice beast (D:5)
  3 ogres
  A sky beast (D:3)
  A phantom (D:4)
  2 elf zombies (Ossuary)
  4 scorpions
  4 crimson imps
  A centaur zombie (Ossuary)
  4 hounds
  2 human zombies (Ossuary)
  An orc priest (D:4)
  Ijyb (D:3)
  3 orc wizards (D:5)
  A giant frog skeleton (D:5)
  An iguana (D:6)
  Terence (D:3)
  A siren (Sewer)
  A merfolk avatar (Sewer)
  3 worker ants
  4 big kobold zombies (Ossuary)
  2 hound zombies
  A hound skeleton (D:4)
  3 mummies (Ossuary)
  Robin (D:2)
  11 adders
  6 gnolls
  2 river rats (Sewer)
  4 adder zombies (Ossuary)
  2 worms
  An adder skeleton (D:4)
  14 giant geckos
  17 orcs
  4 giant cockroaches
  10 goblins
  5 hobgoblins
  3 jackals (D:3)
  7 kobolds
  5 quokkas
  7 ball pythons
  9 bats
  A giant gecko zombie (D:6)
  11 giant newts
  6 hobgoblin zombies (Ossuary)
  A jackal skeleton (D:4)
  6 jackal zombies (Ossuary)
  4 kobold zombies (Ossuary)
  An orc zombie (Ossuary)
  2 quokka skeletons (D:4)
  3 quokka zombies
  31 rats
222 creatures vanquished.

Vanquished Creatures (collateral kills)
  An ooze (D:5)
1 creature vanquished.

Grand Total: 223 creatures vanquished

Notes
Turn   | Place    | Note
--------------------------------------------------------------
     0 | D:1      | Jergosh the Ghoul Fighter began the quest for the Orb.
     0 | D:1      | Reached XP level 1. HP: 19/19 MP: 0/0
   193 | D:1      | Reached XP level 2. HP: 24/26 MP: 1/1
   272 | D:1      | Reached skill level 1 in Dodging
   998 | D:2      | Noticed Robin
  1008 | D:2      | Reached XP level 3. HP: 27/31 MP: 2/2
  1040 | D:2      | Killed Robin
  1225 | D:2      | Reached XP level 4. HP: 33/38 MP: 3/3
  1916 | D:3      | Found a glowing drain.
  1934 | Sewer    | Entered a sewer
  1938 | Sewer    | Reached XP level 5. HP: 41/45 MP: 4/4
  2371 | Sewer    | Noticed a drowned soul
  2373 | Sewer    | Noticed a drowned soul
  2374 | Sewer    | Noticed a drowned soul
  2374 | Sewer    | Killed a drowned soul
  2375 | Sewer    | Noticed a drowned soul
  2377 | Sewer    | Noticed a drowned soul
  2381 | Sewer    | Killed a drowned soul
  2382 | Sewer    | Noticed a drowned soul
  2382 | Sewer    | Killed a drowned soul
  2385 | Sewer    | Killed a drowned soul
  2386 | Sewer    | Noticed a drowned soul
  2387 | Sewer    | Noticed a drowned soul
  2387 | Sewer    | Noticed a drowned soul
  2387 | Sewer    | Noticed a drowned soul
  2388 | Sewer    | Noticed a drowned soul
  2390 | Sewer    | Killed a drowned soul
  2391 | Sewer    | Noticed a drowned soul
  2392 | Sewer    | Noticed a drowned soul
  2392 | Sewer    | Killed a drowned soul
  2394 | Sewer    | Killed a drowned soul
  2395 | Sewer    | Killed a drowned soul
  2396 | Sewer    | Noticed a drowned soul
  2399 | Sewer    | Noticed a drowned soul
  2399 | Sewer    | Noticed a drowned soul
  2400 | Sewer    | Noticed a drowned soul
  2400 | Sewer    | Killed a drowned soul
  2402 | Sewer    | Killed a drowned soul
  2403 | Sewer    | Noticed a drowned soul
  2404 | Sewer    | Killed a drowned soul
  2405 | Sewer    | Noticed a drowned soul
  2407 | Sewer    | Noticed a drowned soul
  2407 | Sewer    | Killed a drowned soul
  2411 | Sewer    | Noticed a drowned soul
  2411 | Sewer    | Noticed a drowned soul
  2411 | Sewer    | Killed a drowned soul
  2411 | Sewer    | Killed a drowned soul
  2413 | Sewer    | Killed a drowned soul
  2415 | Sewer    | Noticed a drowned soul
  2416 | Sewer    | Noticed a drowned soul
  2417 | Sewer    | Noticed a drowned soul
  2417 | Sewer    | Noticed a drowned soul
  2418 | Sewer    | Noticed a drowned soul
  2418 | Sewer    | Killed a drowned soul
  2420 | Sewer    | Noticed a drowned soul
  2421 | Sewer    | Killed a drowned soul
  2421 | Sewer    | Killed a drowned soul
  2422 | Sewer    | Killed a drowned soul
  2425 | Sewer    | Noticed a drowned soul
  2425 | Sewer    | Killed a drowned soul
  2426 | Sewer    | Noticed a drowned soul
  2426 | Sewer    | Noticed a drowned soul
  2426 | Sewer    | Noticed a drowned soul
  2429 | Sewer    | Noticed a drowned soul
  2429 | Sewer    | Killed a drowned soul
  2429 | Sewer    | Killed a drowned soul
  2433 | Sewer    | Noticed a drowned soul
  2434 | Sewer    | Noticed a drowned soul
  2435 | Sewer    | Noticed a drowned soul
  2435 | Sewer    | Killed a drowned soul
  2436 | Sewer    | Killed a drowned soul
  2437 | Sewer    | Noticed a drowned soul
  2437 | Sewer    | Noticed a drowned soul
  2438 | Sewer    | Killed a drowned soul
  2439 | Sewer    | Noticed a drowned soul
  2442 | Sewer    | Noticed a drowned soul
  2442 | Sewer    | Noticed a drowned soul
  2446 | Sewer    | Noticed a drowned soul
  2446 | Sewer    | Killed a drowned soul
  2447 | Sewer    | Noticed a drowned soul
  2448 | Sewer    | Noticed a drowned soul
  2448 | Sewer    | Reached XP level 6. HP: 43/51 MP: 5/5
  2552 | D:3      | Identified a +2 pair of boots of running (You found it on level 3 of the Dungeon)
  2742 | D:3      | Reached skill level 4 in Armour
  2842 | D:3      | Found a shimmering altar of Xom.
  2842 | D:3      | Found a burning altar of Makhleb.
  2894 | D:3      | Became a worshipper of Makhleb the Destroyer
  2996 | D:3      | Noticed Ijyb
  3011 | D:3      | Killed Ijyb
  3107 | D:3      | Noticed Terence
  3128 | D:3      | Killed Terence
  3128 | D:3      | Reached XP level 7. HP: 49/56 MP: 6/6
  3415 | D:4      | Found a sparkling altar of Nemelex Xobeh.
  3755 | D:4      | Reached skill level 1 in Invocations
  3988 | D:5      | Entered Level 5 of the Dungeon
  4037 | D:5      | Reached * piety under Makhleb
  4223 | D:5      | Found a shattered altar of Ashenzari.
  4271 | D:5      | Reached skill level 5 in Shields
  4449 | D:5      | Found a staircase to the Ecumenical Temple.
  4476 | D:5      | Reached skill level 5 in Armour
  4476 | D:5      | Reached XP level 8. HP: 55/62 MP: 8/8
  4703 | D:5      | Found a deep blue altar of Sif Muna.
  4826 | D:5      | Reached ** piety under Makhleb
  4934 | D:5      | Noticed Menkaure
  4959 | D:5      | Killed Menkaure
  4965 | D:5      | Found an ancient bone altar of Kikubaaqudgha.
  6293 | D:6      | Found a sand-covered staircase.
  6298 | Ossuary  | Entered an ossuary
  6446 | Ossuary  | Reached skill level 6 in Armour
  6625 | Ossuary  | Reached XP level 9. HP: 63/66 MP: 10/10
  6845 | Ossuary  | Reached *** piety under Makhleb
  7702 | D:7      | Found an iron altar of Okawaru.
  7756 | D:7      | Noticed Frontstab's ghost (novice OpBe)
  7828 | D:7      | Killed Frontstab's ghost
  7891 | D:7      | Killed from afar by a steam dragon

Vault maps used:
D:1:      dpeg_arrival_pits
D:2:      first_bread, uniq_robin
D:3:      grunt_temple_overflow_champion_of_chaos, gup_sewer_entry_pipe,
          minmay_misc_feat_four_crosses, uniq_iyjb, uniq_terence
D:4:      nemelex_xobeh_ov_fountains_minmay, minmay_misc_feat_rows,
          eino_small_chamber_without_monster
D:5:      nicolae_overflow_hidden_temple, kiku_gazebo_garden_becter,
          ashenzari_altar_1, minmay_temple_entry_glassed_door, uniq_menkaure
D:6:      enter_ossuary_2
D:7:      lemuel_coloured_pillars_altar, old_standard_altar, kennysheep_mini,
          minmay_three_doors
Sewer:    sewer_sea
Ossuary:  minmay_ossuary_two_tombs

Action                   |  1- 3 |  4- 6 |  7- 9 || total
-------------------------+-------+-------+-------++-------
Melee: Rapier            |   157 |   465 |   197 ||   819
       Dagger            |       |    36 |   939 ||   975
       Lajatang          |       |       |    61 ||    61
Evoke: Wand              |       |       |     6 ||     6
  Use: Scroll            |     2 |     6 |     7 ||    15
       Potion            |     1 |       |     2 ||     3
 Stab: Confused          |       |     1 |     5 ||     6
       Paralysed         |       |       |    12 ||    12
       Petrified         |       |       |     7 ||     7
       Petrifying        |       |       |     2 ||     2
  Eat: Chunk             |     6 |    24 |    37 ||    67
